 Dungeon Crawl Stone Soup version 0.27-a0-819-g058290f16d (webtiles) character file.

Game seed: 12307738868433331304

153 sleeves the Ruffian (level 5, -4/45 HPs)
             Began as a Troll Air Elementalist on Mar 29, 2021.
             Killed from afar by Sigmund (11 damage)
             ... with a magic dart
             ... on level 3 of the Dungeon.
             The game lasted 00:02:14 (2425 turns).

sleeves the Ruffian (Troll Air Elementalist)        Turns: 2425, Time: 00:02:15

Health: -4/45      AC:  4    Str: 16    XL:     5   Next: 12%
Magic:  5/5        EV:  9    Int: 11    God:
Gold:   110        SH:  0    Dex: 11    Spells: 5/6 levels left

rFire    . . .     SeeInvis .     - Unarmed
rCold    . . .     Faith    .   (no shield)
rNeg     . . .     Spirit   .   a - +0 robe
rPois    .         Reflect  .   (helmet restricted)
rElec    .         Harm     .   (no cloak)
rCorr    .         Rampage  .   (gloves unavailable)
Will     .....                  (boots unavailable)
Stlth    +.........             (no amulet)
HPRegen  1.15/turn              (no ring)
MPRegen  0.09/turn              (no ring)

@: brilliant, studying Short Blades
A: large, unfitting armour, claws 3, regeneration 1, shaggy fur 1, tough skin 1
a: no special abilities


You were on level 3 of the Dungeon.
You visited 1 branch of the dungeon, and saw 3 of its levels.

You collected 110 gold pieces.

Inventory:

Armour
 a - a +0 robe (worn)
Scrolls
 b - a scroll of teleportation {unknown}
 d - 2 scrolls of vulnerability {unknown}
 e - a scroll of noise {unknown}
 f - a scroll of fog {unknown}
 g - 2 scrolls of identify {unknown}
 i - a scroll of magic mapping {unknown}
 j - a scroll of blinking {unknown}


   Skills:
 - Level 1.5 Dodging
 - Level 1.0 Stealth
 + Level 4.8 Unarmed Combat
 - Level 1.2 Spellcasting
 - Level 0.6 Conjurations
 - Level 2.0 Air Magic


You had 5 spell levels left.
You knew the following spells:

 Your Spells              Type           Power      Damage    Failure   Level
a - Shock                 Conj/Air       20%        1d4       19%         1

Your spell library contained the following spells:

 Spells                   Type           Power      Damage    Failure   Level
 Swiftness                Air            7%         N/A       22%         2
 Magic Dart               Conj           12%        1d3       26%         1
 Blink                    Tloc           N/A        N/A       43%         2
 Call Imp                 Summ           1%         N/A       43%         2
 Slow                     Hex            1%         N/A       43%         2
 Static Discharge         Conj/Air       5%         N/A       50%         3
 Mephitic Cloud           Conj/Pois/Air  3%         N/A       54%         3
 Conjure Flame            Conj/Fire      2%         6-21      63%         3
 Airstrike                Air            3%         N/A       80%         4
 Lightning Bolt           Conj/Air       2%         1d14      99%         5


Dungeon Overview and Level Annotations

Branches:
Dungeon (3/15)

Altars:
Kikubaaqudgha
Qazlal
Trog

Annotations:
D:3 Sigmund


Innate Abilities, Weirdness & Mutations

You are too large for most types of armour.
You have claws for hands.
Your natural rate of healing is unusually fast.
You are covered in fur. (AC +1)
You have tough skin. (AC +1)


Message History

You kill the endoplasm!
No target in view!
No target in view!
No target in view!
A dart slug comes into view.
The dart slug launches a dart at you. The slug dart hits you!
There is a stone staircase leading down here.
There are monsters nearby!
There are monsters nearby!
You barely miss the hobgoblin. The hobgoblin hits you.
You are too injured to fight recklessly!
You closely miss the hobgoblin. The hobgoblin closely misses you.
You completely miss the hobgoblin. The hobgoblin hits you.
You closely miss the hobgoblin. The hobgoblin barely misses you.
You scratch the hobgoblin.
You kill the hobgoblin!
The dart slug bites you but does no damage.
There is a stone staircase leading down, spattered with blood here.
You claw the dart slug!
You kill the dart slug!
You see here a dart slug corpse.
Found an amethyst potion.
c - an amethyst potion A giant cockroach comes into view.
A giant cockroach is nearby!
You claw the giant cockroach!
You kill the giant cockroach!
No target in view!
No target in view!
No target in view!
No target in view!
No target in view!
No target in view!
No target in view!
A goblin comes into view. It is wielding a +0 club.
A goblin is nearby!
A goblin is nearby!
The goblin shouts!
A kobold comes into view. It is wielding a +0 short sword.
Found 15 gold pieces.
You claw the goblin!
You kill the goblin!
The kobold hits you with a +0 short sword.
You barely miss the kobold.
The kobold hits you with a +0 short sword.
You closely miss the kobold.
The kobold hits you with a +0 short sword.
You claw the kobold!
You kill the kobold!
No target in view!
No target in view!
No target in view!
No target in view!
Things that are here:
a +0 short sword; 2 stones No target in view!
You now have 33 gold pieces (gained 15).
Things that are here:
a +0 club; a goblin corpse You see here a +0 dagger.
You enter the shallow water.
Moving in this stuff is going to be slow.
Found a runed short sword.
A kobold comes into view. It is wielding a +0 short sword.
The kobold shouts!
The kobold throws a stone.
The stone closely misses you.
You see here a +3 short sword.
The kobold throws a stone.
The stone hits you.
The kobold hits you with a +0 short sword.
You claw the kobold!
You kill the kobold!
No target in view!
No target in view!
No target in view!
No target in view!
Things that are here:
a +0 short sword; 5 stones; a kobold corpse You enter the shallow water.
Moving in this stuff is going to be slow.
A rat comes into view.
The rat bites you but does no damage.
You claw the rat!
You kill the rat!
No target in view!
No target in view!
No target in view!
No target in view!
No target in view!
No target in view!
No target in view!
No target in view!
No target in view!
No target in view!
A hobgoblin comes into view.
A hobgoblin is nearby!
A hobgoblin is nearby!
A hobgoblin is nearby!
The helpless hobgoblin fails to defend itself.
You scratch the hobgoblin but do no damage.
The hobgoblin hits you.
You closely miss the hobgoblin. The hobgoblin barely misses you.
You claw the hobgoblin!
You kill the hobgoblin!
No target in view!
No target in view!
No target in view!
No target in view!
Found a stone staircase leading down.
d - a scroll labelled GYSACS YNNIOMMO
There is a stone staircase leading down here.
Key pressed, stopping explore.
No target in view!
No target in view!
No target in view!
No target in view!
No target in view!
No target in view!
No target in view!
No target in view!
No target in view!
You see here a hobgoblin corpse.
You open the door.
A quokka and an endoplasm come into view.
Found 17 gold pieces and a scroll labelled GYSACS YNNIOMMO.
There are monsters nearby!
A hobgoblin comes into view.
The hobgoblin shouts!
The endoplasm quivers.
There is an open door here.
There are monsters nearby!
There are monsters nearby!
The quokka closely misses you.
You miss the quokka. The quokka closely misses you.
You completely miss the endoplasm. The quokka bites you.
The hobgoblin hits you.
The endoplasm hits you but does no damage.
You scratch the endoplasm.
The endoplasm is lightly wounded.
The quokka misses you.
The hobgoblin hits you but does no damage.
The endoplasm freezes you.
You are frozen.
You scratch the endoplasm but do no damage.
The endoplasm is lightly wounded.
The quokka closely misses you. The hobgoblin misses you. The quokka bites you.
The endoplasm hits you but does no damage.
You are too injured to fight recklessly!
You are too injured to fight recklessly!
You are too injured to fight recklessly!
You are too injured to fight recklessly!
You are too injured to fight recklessly!
You are too injured to fight recklessly!
You are too injured to fight recklessly!
There is an open door here.
You barely miss the quokka. The quokka barely misses you.
You claw the quokka!
You kill the quokka!
You have reached level 3!
Your experience leads to an increase in your attributes!
Increase (S)trength, (I)ntelligence, or (D)exterity?
You feel agile.
You feel stronger.
You scratch the hobgoblin.
The hobgoblin is moderately wounded.
The hobgoblin hits you.
You claw the hobgoblin!
You kill the hobgoblin!
You claw the endoplasm!
You kill the endoplasm!
You swing at nothing.
You swing at nothing.
You see here a quokka corpse.
There is an open door here.
You now have 50 gold pieces (gained 17).
d - 2 scrolls labelled GYSACS YNNIOMMO (gained 1) Done exploring.
Done exploring.
Done exploring.
Done exploring.
No target in view!
(D) Dungeon
Where to? (? - help)
There is an open door here.
You see here a quokka corpse.
There is an escape hatch in the floor here.
There is a stone staircase leading down, spattered with blood here.
You climb downwards.
A hobgoblin and a dart slug come into view.
The hobgoblin shouts!
You hear a shout!
There is a stone staircase leading up here.
There are monsters nearby!
There are monsters nearby!
There are monsters nearby!
You claw the dart slug!
The dart slug is almost dead.
The dart slug barely misses you.
You scratch the dart slug.
You kill the dart slug!
There is a stone staircase leading up here.
A hobgoblin is nearby!
You barely miss the hobgoblin.
The hobgoblin hits you but does no damage.
A goblin comes into view. It is wielding a +0 dagger.
You closely miss the hobgoblin. The hobgoblin completely misses you.
You closely miss the hobgoblin. The hobgoblin barely misses you.
You closely miss the hobgoblin. The hobgoblin barely misses you.
You claw the hobgoblin!
You kill the hobgoblin!
The goblin hits you but does no damage.
Found 10 gold pieces.
You closely miss the goblin. The goblin hits you with a +0 dagger.
You scratch the goblin.
The goblin is heavily wounded.
The goblin closely misses you.
You barely miss the goblin. Your claw misses the goblin.
The goblin is heavily wounded.
You barely miss the goblin.
The goblin is heavily wounded.
The goblin closely misses you.
You claw the goblin!
You kill the goblin!
Your Unarmed Combat skill increases to level 3!
No target in view!
No target in view!
Found a stone staircase leading up.
You now have 60 gold pieces (gained 10).
A rat comes into view.
The rat closely misses you.
You closely miss the rat. The rat bites you but does no damage.
You scratch the rat.
You kill the rat!
No target in view!
No target in view!
No target in view!
No target in view!
No target in view!
There is a stone staircase leading up here.
You see here a rat corpse.
A quokka comes into view.
A quokka is nearby!
A quokka is nearby!
You barely miss the quokka.
The quokka bites you but does no damage.
You closely miss the quokka. The quokka barely misses you.
You barely miss the quokka. The quokka closely misses you.
You scratch the quokka but do no damage.
The quokka bites you.
You miss the quokka. The quokka completely misses you.
You claw the quokka!
You kill the quokka!
No target in view!
No target in view!
No target in view!
A quokka comes into view.
A quokka is nearby!
You scratch the quokka but do no damage.
The quokka bites you.
You barely miss the quokka. The quokka closely misses you.
You scratch the quokka.
The quokka is almost dead.
The quokka bites you. The quokka closely misses you.
You closely miss the quokka.
The quokka is almost dead.
The quokka bites you but does no damage.
You barely miss the quokka.
The quokka is almost dead.
The quokka closely misses you.
You barely miss the quokka.
The quokka is almost dead.
The quokka bites you.
A quokka is nearby!
A quokka is nearby!
A quokka is nearby!
You scratch the quokka.
You kill the quokka!
No target in view!
No target in view!
No target in view!
No target in view!
No target in view!
No target in view!
HP restored.
Found a mace.
You open the door.
A bat and an endoplasm come into view.
There is an open door here.
There are monsters nearby!
The endoplasm quivers.
The bat hits you. The bat hits you but does no damage.
You scratch the bat.
The bat is heavily wounded.
The bat hits you but does no damage.
A bat comes into view.
The bat hits you but does no damage.
The endoplasm hits you but does no damage.
Found a stone staircase leading up.
You scratch the endoplasm.
The endoplasm is severely wounded.
The bat hits you but does no damage. The endoplasm closely misses you.
You claw the endoplasm!
You kill the endoplasm!
The bat hits you but does no damage.
The bat hits you but does no damage. x2; The bat closely misses you.
You barely miss the bat. The bat closely misses you. The bat barely misses you.
You closely miss the bat.
The bat is moderately wounded.
The bat hits you but does no damage. The bat hits you. x2
There are monsters nearby!
There are monsters nearby!
You scratch the bat.
You kill the bat!
The bat barely misses you.
You barely miss the bat. The bat barely misses you.
The bat hits you but does no damage.
You miss the bat. The bat hits you but does no damage.
The bat barely misses you.
There is a dry fountain here.
You barely miss the bat. The bat hits you but does no damage. The bat hits you.
The bat hits you but does no damage.
You closely miss the bat. The bat barely misses you.
A bat is nearby!
A bat is nearby!
You miss the bat. The bat hits you but does no damage.
You claw the bat!
You kill the bat!
No target in view!
No target in view!
No target in view!
No target in view!
No target in view!
No target in view!
No target in view!
You open the door.
Found 6 stones.
There is an open door here.
A bat comes into view.
The bat hits you but does no damage.
You barely miss the bat. The bat hits you but does no damage. x2
You closely miss the bat. The bat closely misses you.
The bat hits you but does no damage. The bat hits you.
The bat hits you but does no damage.
You barely miss the bat. The bat closely misses you. The bat barely misses you.
The bat closely misses you.
You claw the bat!
You kill the bat!
No target in view!
No target in view!
You see here a bat corpse.
You see here a bat corpse.
Found a robe.
You see here 6 stones.
You see here a +0 robe.
Found a robe.
No target in view!
No target in view!
No target in view!
No target in view!
No target in view!
No target in view!
No target in view!
No target in view!
A hobgoblin comes into view.
The hobgoblin shouts!
Found a scroll labelled MIUGIAZ HOEXT.
A hobgoblin is nearby!
A hobgoblin is nearby!
The hobgoblin hits you.
You claw the hobgoblin!
You kill the hobgoblin!
No target in view!
No target in view!
No target in view!
No target in view!
No target in view!
No target in view!
No target in view!
e - a scroll labelled TEPEUCR CYEDUSM You see here a hobgoblin corpse.
Found a stone staircase leading down.
f - a scroll labelled MIUGIAZ HOEXT No target in view!
No target in view!
No target in view!
No target in view!
No target in view!
No target in view!
No target in view!
Found an escape hatch in the floor.
Found a stone staircase leading down.
A howler monkey comes into view.
The howler monkey howls!
There is a stone staircase leading down here.
A howler monkey is nearby!
You scratch the howler monkey.
The howler monkey is lightly wounded.
The howler monkey hits you but does no damage.
You claw the howler monkey!
The howler monkey is heavily wounded.
The howler monkey hoots and howls with incredible vigour!
You hear an angry hiss. x2
You scratch the howler monkey.
The howler monkey is severely wounded.
The howler monkey hits you but does no damage.
You closely miss the howler monkey.
The howler monkey is severely wounded.
The howler monkey hits you but does no damage. x2
You scratch the howler monkey.
The howler monkey is severely wounded.
The howler monkey hits you but does no damage.
You scratch the howler monkey.
The howler monkey is severely wounded.
A bat comes into view.
The howler monkey hits you but does no damage.
You closely miss the howler monkey.
The howler monkey is severely wounded.
The howler monkey barely misses you.
A frilled lizard comes into view.
You closely miss the howler monkey.
The howler monkey is severely wounded.
The howler monkey hoots and howls with incredible vigour!
You barely miss the howler monkey.
The howler monkey is severely wounded.
The howler monkey completely misses you.
You barely miss the howler monkey.
The howler monkey is severely wounded.
The howler monkey closely misses you.
There are monsters nearby!
There are monsters nearby!
There are monsters nearby!
You closely miss the howler monkey.
The howler monkey is severely wounded.
The howler monkey hits you but does no damage. x2
You claw the howler monkey!
You kill the howler monkey!
The bat hits you but does no damage. x2
Your Unarmed Combat skill increases to level 4!
You have reached level 4!
You barely miss the bat. Your claw misses the bat.
The bat hits you but does no damage.
You claw the bat!
You kill the bat!
You miss the frilled lizard.
The frilled lizard bites you but does no damage.
You scratch the frilled lizard.
You kill the frilled lizard!
No target in view!
No target in view!
No target in view!
No target in view!
No target in view!
No target in view!
No target in view!
You see here a bat corpse.
You hear a shout!
You see here a bat corpse.
There is a stone staircase leading down here.
You see here a frilled lizard corpse.
Found an ancient bone altar of Kikubaaqudgha.
Found an escape hatch in the ceiling.
You now have 71 gold pieces (gained 11).
You pick up a book of Minor Magic and begin reading...
You add the spells Magic Dart, Blink, Call Imp, Slow, Conjure Flame and Mephitic Cloud to your library.
Found 28 sling bullets.
You see here 28 sling bullets.
You see here 28 sling bullets.
A rat comes into view.
The rat closely misses you.
You claw the rat!
You kill the rat!
No target in view!
No target in view!
No target in view!
No target in view!
No target in view!
No target in view!
No target in view!
g - a scroll labelled GIRAJ OPIKH
Found a stone staircase leading down.
h - a brown potion No target in view!
No target in view!
No target in view!
No target in view!
No target in view!
No target in view!
No target in view!
i - a scroll labelled EGONLA VOICSE A kobold comes into view.
It is wielding a +1 dagger of protection.
A kobold is nearby!
The kobold shouts!
You miss the kobold. The kobold hits you but does no damage.
You closely miss the kobold.
The kobold hits you with a +1 dagger of protection.
You barely miss the kobold. The kobold closely misses you.
You scratch the kobold.
The kobold is moderately wounded.
The kobold misses you.
You scratch the kobold.
The kobold is heavily wounded.
A kobold is nearby!
A kobold is nearby!
A kobold is nearby!
You scratch the kobold.
The kobold is severely wounded.
The kobold hits you but does no damage.
You scratch the kobold but do no damage.
The kobold is severely wounded.
The kobold hits you but does no damage.
You closely miss the kobold.
The kobold is severely wounded.
The kobold hits you with a +1 dagger of protection.
You barely miss the kobold.
The kobold is severely wounded.
The kobold closely misses you.
You scratch the kobold.
You kill the kobold!
No target in view!
No target in view!
You now have 87 gold pieces (gained 16).
Things that are here:
a +1 dagger of protection; 2 stones A bat comes into view.
A bat is nearby!
A bat is nearby!
A bat is nearby!
No target in view!
No target in view!
No target in view!
No target in view!
No target in view!
No target in view!
A frilled lizard comes into view.
A frilled lizard is nearby!
The frilled lizard hisses angrily.
You scratch the frilled lizard.
You kill the frilled lizard!
No target in view!
No target in view!
No target in view!
No target in view!
No target in view!
No target in view!
No target in view!
No target in view!
You see here a frilled lizard corpse.
You see here a frilled lizard corpse.
A goblin comes into view. It is wielding a +0 club.
Found a stormy altar of Qazlal.
A goblin is nearby!
A goblin is nearby!
The goblin hits you but does no damage.
You barely miss the goblin. You claw the goblin.
You kill the goblin!
No reachable target in view!
No reachable target in view!
No reachable target in view!
No reachable target in view!
No reachable target in view!
No reachable target in view!
No reachable target in view!
No reachable target in view!
No reachable target in view!
Things that are here:
a +0 club; a goblin corpse A bat is nearby!
A bat is nearby!
No target in view!
No target in view!
No target in view!
No target in view!
No target in view!
No target in view!
No target in view!
The bat hits you but does no damage.
You miss the bat. The bat hits you. The bat hits you but does no damage.
The bat barely misses you.
You scratch the bat.
The bat is severely wounded.
The bat hits you but does no damage. The bat closely misses you.
The bat hits you but does no damage.
No target in view!
No target in view!
No target in view!
The bat hits you but does no damage.
A bat is nearby!
You miss the bat.
The bat is severely wounded.
The bat hits you but does no damage. The bat barely misses you.
You barely miss the bat.
The bat is severely wounded.
The bat hits you but does no damage. The bat hits you but does no damage.
You miss the bat.
The bat is severely wounded.
The bat closely misses you. The bat hits you.
You scratch the bat.
You kill the bat!
No target in view!
No target in view!
Done exploring.
Done exploring.
Done exploring.
Done exploring.
(D) Dungeon
Where to? (Enter - D:2, ? - help)
There is a stone staircase leading down here.
You climb downwards.
Found a flail.
There is a stone staircase leading up here.
A bat comes into view.
A bat is nearby!
The bat hits you but does no damage. The bat hits you but does no damage. x2
You closely miss the bat. The bat barely misses you.
The bat closely misses you.
You closely miss the bat. The bat hits you but does no damage.
You barely miss the bat. The bat barely misses you. The bat barely misses you.
A bat is nearby!
A bat is nearby!
You scratch the bat.
You kill the bat!
No target in view!
No target in view!
No target in view!
No target in view!
No target in view!
No target in view!
No target in view!
You see here a +0 flail.
g - 2 scrolls labelled GIRAJ OPIKH (gained 1)
A ball python comes into view.
A ball python is nearby!
A ball python is nearby!
Sigmund the Dreaded comes into view.
He is wielding a +0 scythe and carrying a wand of flame (17).
The ball python bites you. x2
You claw the ball python!
You kill the ball python!
No reachable target in view!
No reachable target in view!
No reachable target in view!
No reachable target in view!
No reachable target in view!
No reachable target in view!
Sigmund is nearby!
Unknown command.
Unknown command.
HP restored.
Found an escape hatch in the ceiling.
Found a stone staircase leading down.
j - a scroll labelled DUNOCE HEDIOLE An orc comes into view.
It is wielding a +0 flail.
The orc shouts!
You barely miss the orc. The orc completely misses you.
You claw the orc!
You kill the orc!
No target in view!
No target in view!
No target in view!
No target in view!
No target in view!
No target in view!
You see here a +0 flail.
Found a bloodstained altar of Trog.
There is a bloodstained altar of Trog here.
Things that are here:
a +0 dagger; a +0 animal skin
Found a mace and 7 poisoned darts.
A worm comes into view.
The worm moves out of view.
No target in view!
No target in view!
No target in view!
No target in view!
No target in view!
An adder comes into view.
Found a manual of Short Blades.
There are monsters nearby!
There are monsters nearby!
There are monsters nearby!
The adder hisses angrily.
You claw the worm!
The worm is heavily wounded.
You barely miss the worm.
The worm is heavily wounded.
The worm closely misses you.
You barely miss the worm.
The worm is heavily wounded.
You scratch the worm. You claw the worm!
You kill the worm!
The adder completely misses you.
You closely miss the adder. The adder closely misses you.
You miss the adder. The adder bites you but does no damage.
You closely miss the adder. The adder bites you but does no damage.
The adder barely misses you.
You closely miss the adder. Your claw misses the adder.
The adder bites you but does no damage.
You claw the adder!
The adder is severely wounded.
The adder bites you but does no damage.
You claw the adder!
You kill the adder!
No target in view!
You see here an adder corpse.
You pick up a manual of Short Blades and begin studying.
You see here a +0 dagger.
You open the door.
Found 15 stones.
There is an open door here.
You see here 15 stones.
You open the door.
There is an open door here.
You now have 95 gold pieces (gained 8).
Found a stone staircase leading down.
An orc comes into view. It is wielding a +0 whip.
The helpless orc fails to defend itself.
You scratch the orc.
The orc is moderately wounded.
The orc hits you with a +0 whip.
You barely miss the orc.
The orc is moderately wounded.
The orc hits you with a +0 whip.
You scratch the orc.
The orc is heavily wounded.
The orc hits you with a +0 whip.
You closely miss the orc.
The orc is heavily wounded.
The orc hits you with a +0 whip.
You claw the orc!
You kill the orc!
No target in view!
You see here a +0 whip.
Found a falchion.
You see here a +0 falchion.
Found a long sword.
No target in view!
No target in view!
No target in view!
No target in view!
No target in view!
No target in view!
No target in view!
No target in view!
No target in view!
No target in view!
No target in view!
You open the door.
There is an open door here.
You enter the shallow water.
Moving in this stuff is going to be slow.
You open the door.
Found 22 arrows.
There is an open door here.
You see here 22 arrows.
As you open the door, it creaks loudly!
Found a stone staircase leading up.
There is an open door here.
A hobgoblin comes into view.
The hobgoblin shouts!
There is a stone staircase leading up here.
The hobgoblin hits you.
You barely miss the hobgoblin. The hobgoblin hits you.
You claw the hobgoblin!
You kill the hobgoblin!
No target in view!
No target in view!
No target in view!
No target in view!
No target in view!
No target in view!
Found a stone staircase leading down.
There is a stone staircase leading down here.
A ball python comes into view.
The ball python moves out of view.
A bat comes into view.
The bat hits you but does no damage. The bat barely misses you.
The bat barely misses you. x2
You closely miss the bat.
The ball python hisses angrily.
The bat hits you but does no damage. The bat barely misses you.
You claw the bat!
You kill the bat!
You closely miss the ball python.
The ball python bites you but does no damage.
You scratch the ball python.
The ball python is severely wounded.
The ball python bites you but does no damage.
You claw the ball python!
You kill the ball python!
No target in view!
No target in view!
No target in view!
An endoplasm comes into view.
An endoplasm is nearby!
The helpless endoplasm fails to defend itself.
You claw the endoplasm!
You kill the endoplasm!
No target in view!
No target in view!
No target in view!
No target in view!
No target in view!
A dart slug comes into view.
A dart slug is nearby!
A dart slug is nearby!
The dart slug closely misses you.
You claw the dart slug!
The dart slug is severely wounded.
You claw the dart slug!
You kill the dart slug!
No target in view!
No target in view!
No target in view!
No target in view!
You see here a dart slug corpse.
You see here a +0 long sword.
Found an escape hatch in the floor.
Found 19 arrows.
There is an escape hatch in the floor here.
You see here 19 arrows.
An orc comes into view. It is wielding a +0 falchion.
An orc wizard comes into view. It is wielding a +0 dagger.
The orc shouts!
An orc comes into view. It is wielding a +0 flail.
The orc wizard casts a spell at you.
You are confused.
You are too confused!
You are too confused!
You are too confused!
You are too confused!
You are too confused!
You are too confused!
You are too confused!
You are too confused!
Unknown command.
You bump into the rock wall.
The orc barely misses you.
You bump into the rock wall.
The orc hits you with a +0 falchion.
The orc wizard hits you but does no damage.
The orc hits you with a +0 flail!
You miss the orc. The orc barely misses you.
You bump into the rock wall.
You feel less confused. The orc barely misses you.
You claw the orc!
You kill the orc!
The orc wizard gestures at itself while chanting.
The orc wizard flickers and vanishes!
Deactivating autopickup; reactivate with Ctrl-A.
You scratch the orc.
The orc is almost dead.
The orc hits you with a +0 flail.
You scratch the orc.
You kill the orc!
You closely miss something. Something completely misses you.
You closely miss something. Something hits you.
You claw something!
You hear some strange, mumbled words.
A magic dart appears from out of thin air!
The magic dart hits you.
You scratch something.
You hear some strange, mumbled words.
A puff of flame appears from out of thin air!
The puff of flame hits you.
You claw something!
Reactivating autopickup.
You feel a bit more experienced.
You have reached level 5!
Items here: ))) [[ †.
An endoplasm comes into view.
An endoplasm is nearby!
An endoplasm is nearby!
The endoplasm quivers.
You scratch the endoplasm.
The endoplasm is heavily wounded.
You claw the endoplasm!
You kill the endoplasm!
No target in view!
No target in view!
No target in view!
No target in view!
No target in view!
No target in view!
No target in view!
No target in view!
No target in view!
A ball python comes into view.
A ball python is nearby!
A ball python is nearby!
A ball python is nearby!
The helpless ball python fails to defend itself.
You scratch the ball python.
The ball python is moderately wounded.
The ball python barely misses you.
You closely miss the ball python.
The ball python is moderately wounded.
The ball python bites you but does no damage.
You claw the ball python!
You kill the ball python!
No target in view!
No target in view!
Found a stone staircase leading up.
There is an open door here.
Found a pair of gloves.
You now have 110 gold pieces (gained 15).
A frilled lizard comes into view.
The frilled lizard hisses angrily.
A rat comes into view.
The frilled lizard unfolds its giant frill.
The frilled lizard barely misses you.
You barely miss the frilled lizard.
The frilled lizard bites you but does no damage.
You claw the frilled lizard!
You kill the frilled lizard!
You scratch the rat but do no damage. The rat closely misses you.
You closely miss the rat. You closely miss the rat.
The rat bites you but does no damage.
You scratch the rat.
The rat is moderately wounded.
The rat bites you.
You claw the rat!
You kill the rat!
No target in view!
No target in view!
Things that are here:
a rat corpse; a frilled lizard corpse
There is an open door here.
There is an open door here.
A ball python comes into view.
A ball python is nearby!
The ball python hisses angrily.
The ball python barely misses you.
The ball python bites you but does no damage.
Found 24 stones.
You closely miss the ball python. The ball python bites you.
You closely miss the ball python. You claw the ball python.
You kill the ball python!
No target in view!
No target in view!
No target in view!
No target in view!
No target in view!
No target in view!
No target in view!
No target in view!
Found a faded altar of an unknown god.
You see here 24 stones.
A kobold comes into view. It is wielding a +0 dagger.
A kobold is nearby!
The kobold shouts!
The kobold throws a stone.
The stone hits you but does no damage. The kobold hits you but does no damage.
You miss the kobold. The kobold hits you with a +0 dagger.
You closely miss the kobold. The kobold barely misses you.
You claw the kobold!
You kill the kobold!
No target in view!
No target in view!
No target in view!
No target in view!
No target in view!
No target in view!
Found 14 stones.
Things that are here:
a +0 dagger; a stone; a kobold corpse Sigmund is nearby!
Sigmund is nearby!
Sigmund hits you with a +0 scythe!
You closely miss Sigmund. Sigmund hits you with a +0 scythe!
You are too injured to fight recklessly!
You are too injured to fight recklessly!
You are too injured to fight recklessly!
You are too injured to fight recklessly!
It was a potion of magic.
Magic courses through your body. Sigmund casts a spell at you.
The magic dart hits you!
* * * LOW HITPOINT WARNING * * *
It was a potion of brilliance.
You feel clever all of a sudden. Sigmund barely misses you.
You barely miss Sigmund. Sigmund hits you with a +0 scythe.
* * * LOW HITPOINT WARNING * * *
You closely miss Sigmund. Sigmund closely misses you.
You barely miss Sigmund.
Sigmund zaps a wand.
The puff of flame hits you!
* * * LOW HITPOINT WARNING * * *
You claw Sigmund!
Sigmund is moderately wounded.
Sigmund screams, "Only death can liberate you!"
Sigmund points at you and mumbles some strange words.
The puff of flame hits you!
* * * LOW HITPOINT WARNING * * *
You barely miss Sigmund.
Sigmund is moderately wounded.
You claw Sigmund!
Sigmund is severely wounded.
Sigmund casts a spell at you. The magic dart hits you!
You die...

#...........#
#....######.#
#######....### #.#
.....(.......# #.#
#≈....≈.≈....≈# #.#
#≈.≈≈..≈≈.....###.#
#.≈≈≈≈≈≈≈≈≈≈≈≈..#)#
#.≈≈≈≈≈≈≈≈≈≈≈.#.#.#
#≈≈≈≈≈≈≈≈≈≈≈...@@.#
#..≈≈≈.♣≈≈≈≈..#.###
#.≈≈≈≈≈_.≈≈≈≈.#(
#.≈≈≈≈≈.@≈≈≈ #.
#.≈≈≈≈≈≈≈≈≈≈ .#>#
..≈≈≈≈≈≈≈≈≈≈≈...
..≈≈≈≈≈≈≈≈≈≈...##
.≈..≈≈.....≈≈...#
....≈≈...≈≈≈....##


You could see Sigmund.

Vanquished Creatures
  A howler monkey (D:2)
  An orc wizard (D:3)
  An adder (D:3)
  A worm (D:3)
  5 dart slugs
  4 orcs (D:3)
  6 endoplasms
  3 giant cockroaches (D:1)
  4 goblins
  7 hobgoblins
  3 quokkas
  4 ball pythons (D:3)
  7 bats
  3 frilled lizards
  5 kobolds
  7 rats
62 creatures vanquished.

Notes
Turn   | Place    | Note
-------+----------+-------------------------------------------
     0 | D:1      | sleeves the Troll Air Elementalist began the quest for the
                  | Orb.
     0 | D:1      | Reached XP level 1. HP: 16/16 MP: 1/1
    79 | D:1      | Reached skill level 1 in Unarmed Combat
   168 | D:1      | Reached XP level 2. HP: 19/24 MP: 2/2
   214 | D:1      | Reached skill level 2 in Unarmed Combat
   820 | D:1      | Reached XP level 3. HP: 27/31 MP: 3/3
   914 | D:2      | Reached skill level 3 in Unarmed Combat
  1125 | D:2      | Reached skill level 4 in Unarmed Combat
  1125 | D:2      | Reached XP level 4. HP: 39/39 MP: 4/4
  1195 | D:2      | Found an ancient bone altar of Kikubaaqudgha.
  1516 | D:2      | Found a stormy altar of Qazlal.
  1691 | D:3      | Noticed Sigmund
  1760 | D:3      | Found a bloodstained altar of Trog.
  2143 | D:3      | Reached XP level 5. HP: 34/45 MP: 5/5
  2388 | D:3      | Found a faded altar of an unknown god.
  2418 | D:3      | HP: 18/45 [Sigmund/magic dart (7)]
  2423 | D:3      | HP: 4/45 [Sigmund/puff of flame (9)]
  2425 | D:3      | Killed from afar by Sigmund

Illustrated notes

Levels and vault maps discovered:
D:1:      minmay_arrival_semitransparent, layout_loops_ring,
          roderic_serpentine_path, minivault_4, minmay_3d_cube
D:2:      layout_loops_cross, overflow_temple_1_default,
          nicolae_qazlal_eye_of_the_storm, grunt_ministairs_14
D:3:      layout_loops_corners, bloody_trog, chequers_ecumenical_altar_island,
          chequers_serial_rivers_room_b, minmay_misc_feat_square,
          minmay_misc_feat_x, minmay_misc_feat_hallway, uniq_sigmund

Skill      XL: |  1  2  3 |
---------------+----------+-----
Unarmed Combat | 1 2 4 |  4.8
Dodging        | |  1.5
Stealth        | |  1.0
Spellcasting   | |  1.2
Conjurations   | |  0.6
Air Magic      | |  2.0

Action                   |  1- 3 |  4- 6 || total
-------------------------+-------+-------++-------
Melee: Unarmed           |   106 |    88 ||   194
       Punch             |       |     3 ||     3
  Use: Potion            |       |     2 ||     2
 Stab: Sleeping          |     2 |     3 ||     5
Armor: Robe              |    45 |    33 ||    78
Dodge: Dodged            |    44 |    33 ||    77

Table legend: (Time is in decaauts)
 A = Elapsed time spent in this place.
 B = Non-inter-level travel time spent in this place.
 C = Inter-level travel time spent in this place.
 D = Time resting spent in this place.
 E = Time spent auto-exploring this place.
 F = Levels seen in this place.
 G = Mean time per level.
                   A        B        C        D        E       F      G
               +--------+--------+--------+--------+--------+-----+--------+
         Total |   2415 |   2317 |     98 |      0 |   1895 |   3 |  805.0 |
       Dungeon |   2415 |   2317 |     98 |      0 |   1895 |   3 |  805.0 |
               +--------+--------+--------+--------+--------+-----+--------+

Top non-repeatable levels by time:
     D:1: 894 daAuts
     D:3: 787 daAuts
     D:2: 732 daAuts
